 Dungeon Sprint DCSS version 0.19.1 (console) character file.

1000000 Morrissey the Acrobat (level 13, 0/78 HPs)
             Began as a Spriggan Warper on Dec 27, 2016.
             Was a Follower of Makhleb.
             Slain by a meat berserker
             ... wielding a +9 battleaxe
              (78 damage)
             ... in the Dungeon (Sprint VIII: "Arena of Blood").
             The game lasted 00:00:23 (10 turns).

Morrissey the Acrobat (Spriggan Warper)               Turns: 10, Time: 00:00:24

Health: 0/78       AC:  2    Str:  7    XL:     13   Next: 71%
Magic:  5/36       EV: 37    Int: 16    God:    Makhleb [*.....]
Gold:   0          SH:  0    Dex: 19    Spells: 0 memorised, 49 levels left

rFire  . . .     SeeInvis +     k - +∞ Axe of Woe
rCold  . . .     Gourm    .     a - +0 robe
rNeg   . . .     Faith    .     (shield currently unavailable)
rPois  .         Spirit   .     (helmet restricted)
rElec  .         Reflect  .     (no cloak)
rCorr  .         Harm     .     (gloves unavailable)
MR     ++...     NoTele   +     (boots unavailable)
Stlth  ++++......               (no amulet)
                                (no ring)
                                (no ring)

@: very quick
A: unfitting armour, see invisible, herbivore 3, speed 3, slow metabolism 2
a: Renounce Religion


You were in the Dungeon.
You worshipped Makhleb.
Makhleb was aware of your devotion.
You were not hungry.

You visited 1 branch

Inventory:

Hand Weapons
 k - the +∞ Axe of Woe (weapon)
   (You found it in the Dungeon)
Missiles
 d - 5 tomahawks of dispersal (quivered)
Armour
 a - a +0 robe (worn)
Scrolls
 c - 2 scrolls of blinking
Potions
 e - a potion of curing
 g - a potion of heal wounds
 h - a potion of haste
 i - 2 potions of magic
 j - a potion of berserk rage
Books
 b - a book of Spatial Translocations

   Spells                             Type                      Level
   a - Blink                          Translocation                2
   b - Shroud of Golubria             Charms/Translocation         2
   c - Lesser Beckoning               Translocation                3
   d - Portal Projectile              Translocation                3
   e - Teleport Other                 Translocation                3
   f - Passage of Golubria            Translocation                4
Comestibles
 f - a bread ration


   Skills:
 + Level 13.7 Fighting
 * Level 6.1 Axes
 + Level 15.9 Throwing
 + Level 3.7 Armour
 + Level 21.3 Dodging
 + Level 8.0 Stealth
 + Level 13.7 Unarmed Combat
 + Level 18.5 Spellcasting
   Level 4.4 Translocations
 + Level 5.1 Invocations


You had 49 spell levels left.
You didn't know any spells.

Dungeon Overview and Level Annotations

Branches:
Dungeon (1/1)

Altars:
Makhleb


Innate Abilities, Weirdness & Mutations

You are very small and have problems with some larger weapons.
You are too small for most types of armour.
You have supernaturally acute eyesight. (SInv)
You are a herbivore.
You cover ground extremely quickly.
You need consume almost no food.


Message History

You feel agile.
You have reached level 13!
You hear a shout! x13
A bag of meat comes into view. It is wielding a +9 war axe.
Unknown command.
Unknown command.
The bag of meat shouts!
You slash the bag of meat! You chop the bag of meat into pieces.
You kill the bag of meat!
Makhleb accepts your kill.
You can now gain health from killing.
Your Axes skill gained 6 levels and is now at level 6!
Your Armour skill gained 3 levels and is now at level 3!
Your Dodging skill increases to level 21!
Your Stealth skill gained 8 levels and is now at level 8!
Your Spellcasting skill increases to level 18!
Your Invocations skill gained 5 levels and is now at level 5!
You hear a shout! x9
The meat berserker hits you with a +9 battleaxe!!!!
Ouch! That really hurt!
You die...

#.. ...# #.. ...#
.... .###..
...###....
......###.........
....._..........
#.....#....... .
#_.<._#.......
....#....)#......#
......o_.@O.......
......###)........
o###.. ....###....
#......o# ...
#.......# .
o.....o..
.........Oo
..........


You could see 2 meat berserkers and 3 bags of meat.

Vanquished Creatures
  An ogre (D)
  An orc (D)
2 creatures vanquished.

Notes
Turn   | Place    | Note
-------+----------+-------------------------------------------
     0 | D        | Morrissey the Spriggan Warper began the quest for the Orb.
     0 | D        | Reached XP level 1. HP: 10/10 MP: 5/5
     4 | D        | Became a worshipper of Makhleb the Destroyer
     5 | D        | Noticed a bag of meat
     5 | D        | Noticed a meat berserker
     5 | D        | Noticed a bag of meat
     5 | D        | Noticed a bag of meat
     7 | D        | Noticed a bag of meat
     8 | D        | Noticed a bag of meat
     8 | D        | Noticed a meat berserker
     9 | D        | Noticed a bag of meat
     9 | D        | Killed a meat berserker
     9 | D        | Reached skill level 15 in Throwing
     9 | D        | Reached skill level 20 in Dodging
     9 | D        | Reached XP level 2. HP: 28/28 MP: 5/21
     9 | D        | Reached XP level 3. HP: 32/32 MP: 5/23
     9 | D        | Reached XP level 4. HP: 37/37 MP: 5/24
     9 | D        | Reached XP level 5. HP: 41/41 MP: 5/26
     9 | D        | Reached XP level 6. HP: 46/46 MP: 5/27
     9 | D        | Reached XP level 7. HP: 50/50 MP: 5/29
     9 | D        | Reached XP level 8. HP: 55/55 MP: 5/30
     9 | D        | Reached XP level 9. HP: 59/59 MP: 5/31
     9 | D        | Reached XP level 10. HP: 64/64 MP: 5/32
     9 | D        | Reached XP level 11. HP: 68/68 MP: 5/33
     9 | D        | Reached XP level 12. HP: 73/73 MP: 5/34
     9 | D        | Reached XP level 13. HP: 77/77 MP: 5/35
    10 | D        | Noticed a bag of meat
    10 | D        | Killed a bag of meat
    10 | D        | Reached * piety under Makhleb
    10 | D        | Reached skill level 21 in Dodging
    10 | D        | Reached skill level 5 in Invocations
    10 | D        | Slain by a meat berserker

Skill      XL: |  1  2  3  4  5  6  7  8  9 10 11 12 13 |
---------------+----------------------------------------+-----
Fighting       | 13 | 13.7
Throwing       | 15 | 15.9
Dodging        | 20 21 | 21.3
Unarmed Combat | 13 | 13.7
Spellcasting   | 17 18 | 18.5
Axes           | 6 |  6.1
Armour         | 3 |  3.7
Stealth        | 8 |  8.0
Invocations    | 5 |  5.1
Translocations | |  4.4

Action                   |  1- 3 |  4- 6 |  7- 9 | 10-12 | 13-15 || total
-------------------------+-------+-------+-------+-------+-------++-------
Melee: Broad axe         |     1 |       |       |       |     1 ||     2
